 Dungeon Crawl Stone Soup version 0.31-a0-229-g1fc7ce93e2 (webtiles) character file.

Game seed: 17572715042430621980

330 qw the Shooter (level 6, -5/52 HPs)
             Began as a Minotaur Hexslinger on July 6, 2023.
             Was an Initiate of Okawaru.
             Slain by an orc
             ... wielding a +0 hand axe
              (6 damage)
             ... on level 5 of the Dungeon.
             The game lasted 00:01:17 (2643 turns).

qw the Shooter (Minotaur Hexslinger)                Turns: 2643, Time: 00:01:17

Health: -5/52      AC:  5    Str: 13    XL:     6   Next: 26%
Magic:  6/6        EV: 11    Int: 10    God:    Okawaru [......]
Gold:   238        SH:  0    Dex: 14    Spells: 6/7 levels left

rFire   . . .        Y - +2 sling
rCold   . . .        (no shield)
rNeg    . . .        l - +0 ring mail
rPois   .            (helmet restricted)
rElec   .            (no cloak)
rCorr   .            (no gloves)
SInv    .            (no boots)
Will    .....        (no amulet)
Stlth   +            (no ring)
HPRegen 0.28/turn    (no ring)
MPRegen 0.10/turn

%: no passive effects
@: no status effects
A: horns 2, retaliatory headbutt
a: Renounce Religion


You were on level 5 of the Dungeon.
You worshipped Okawaru.
Okawaru was noncommittal.
You visited 2 branches of the dungeon, and saw 6 of its levels.

You collected 238 gold pieces.


Innate Abilities, Weirdness & Mutations

You have a pair of horns on your head.
You reflexively headbutt those who attack you in melee.


   Skills:
 + Level 3.7 Fighting
 - Level 6.2 Ranged Weapons
 - Level 1.8 Armour
 - Level 2.1 Dodging
 - Level 1.0 Spellcasting
 - Level 2.0 Hexes


You had 6 spell levels left.
You knew the following spells:

 Your Spells              Type           Power      Damage    Failure   Level
a - Slow                  Hex            16%        N/A       32%         1

Your spell library contained the following spells:

 Spells                   Type           Power      Damage    Failure   Level
 Inner Flame              Hex/Fire       2%         N/A       82%         3
 Portal Projectile        Hex/Tloc       4%         N/A       82%         3
 Cause Fear               Hex            2%         N/A       97%         4

Inventory:

Hand Weapons
 Y - a +2 sling (weapon)
Armour
 l - a +0 ring mail (worn)
Scrolls
 a - a scroll of identify
Potions
 b - a potion of attraction {unknown}
 d - a potion of degeneration {unknown}
 f - a potion of cancellation {unknown}
 g - a potion of ambrosia {unknown}
 h - a potion of berserk rage {unknown}
 j - a potion of enlightenment
 m - a potion of haste {unknown}

Dungeon Overview and Level Annotations

Branches:
Dungeon (5/15)             Temple (1/1) D:4

Altars:
Ashenzari
Cheibriados
Dithmenos
Elyvilon
Gozag
Hepliaklqana
Kikubaaqudgha
Makhleb
Okawaru
Qazlal
Ru
Sif Muna
Uskayaw
Wu Jian
Xom
Yredelemnul
The Shining One


Message History

You shoot a sling bullet.
The sling bullet closely misses the scorpion.
The sling bullet hits the orc but does no damage.
The orc is moderately wounded.
The scorpion closely misses you. You furiously retaliate!
You headbutt the scorpion!
You kill the scorpion!
Okawaru is honoured by your kill.
Your Ranged Weapons skill increases to level 6!
You have reached level 6!
You shoot a sling bullet.
The sling bullet hits the gnoll but does no damage.
The gnoll hits you with a +0 club.
You shoot a sling bullet. The sling bullet hits the gnoll.
The gnoll is lightly wounded.
The gnoll barely misses you.
The orc priest begins to cast a cantrip, but forgets the words!
The gnoll hits you with a +0 club.
You shoot a sling bullet. The sling bullet hits the gnoll.
The gnoll is heavily wounded.
The gnoll hits you but does no damage.
You shoot a sling bullet. The sling bullet hits the gnoll!
You kill the gnoll!
Okawaru accepts your kill.
You shoot a sling bullet. The sling bullet hits the orc.
You kill the orc!
Okawaru accepts your kill.
You shoot a sling bullet.
The sling bullet closely misses the orc priest.
The sling bullet hits the gnoll.
The gnoll is heavily wounded.
You shoot a sling bullet.
The sling bullet barely misses the orc priest.
The orc priest hits you with a +0 flail.
The orc priest hits you but does no damage.
You shoot a sling bullet.
The sling bullet closely misses the orc priest.
The orc priest hits you with a +0 flail.
The orc hits you with a +0 hand axe.
You die... .#. ... ....... .. .... ....... .#).. #. og.

#. ##o#
#.####.####@o#
..#.........##
...........##
..^.......##
...........#
...........#
...........##
............#
..>......##......


You could see an orc priest, a gnoll and 2 orcs.

Vanquished Creatures
  A scorpion (D:5)
  A hound (D:4)
  2 jellies
  2 orc wizards
  3 adders
  A gnoll (D:5)
  A white imp (D:5)
  A dart slug (D:1)
  14 orcs
  5 ball pythons
  4 endoplasms
  3 giant cockroaches
  4 hobgoblins
  4 jackals (D:3)
  9 kobolds
  A quokka (D:3)
  9 bats
  6 frilled lizards
  6 goblins
  3 rats
80 creatures vanquished.

Notes
Turn   | Place    | Note
-------+----------+-------------------------------------------
     0 | D:1      | qw the Minotaur Hexslinger began the quest for the Orb.
     0 | D:1      | Reached XP level 1. HP: 16/16 MP: 1/1
     0 | D:1      | 0 ||| qw: Version: 0.3-a-46-gb1f654a
     0 | D:1      | 0 ||| qw: Game counter: 1499
     0 | D:1      | 0 ||| qw: Melee chars always use a shield: true
     0 | D:1      | 0 ||| qw: God list: Okawaru
     0 | D:1      | 0 ||| qw: Allow faded altars: false
     0 | D:1      | 0 ||| qw: Do Orc after clearing Dungeon:15 true
     0 | D:1      | 0 ||| qw: Do second Lair branch before Depths: true
     0 | D:1      | 0 ||| qw: Lair rune preference: random
     0 | D:1      | 0 ||| qw: Goals: Normal
     0 | D:1      | 0 ||| PLANNING D:1-11
   154 | D:1      | Reached skill level 3 in Ranged Weapons
   154 | D:1      | Reached XP level 2. HP: 23/23 MP: 2/2
   786 | D:1      | 786 ||| READING scroll labelled COUZAF DEDIMA.
   787 | D:1      | 787 ||| READING scroll labelled UNILIRUESK.
   788 | D:1      | 788 ||| DROPPING scroll of poison.
   869 | D:2      | Reached XP level 3. HP: 29/29 MP: 3/3
  1006 | D:2      | Reached skill level 4 in Ranged Weapons
  1154 | D:2      | 1154 ||| READING scroll labelled ONAAKL ACOJE.
  1155 | D:2      | 1155 ||| READING scroll labelled DATEOW ISEAM.
  1156 | D:2      | 1156 ||| DRINKING 2 fuming sapphire potions.
  1157 | D:2      | 1157 ||| DRINKING 2 fuming amethyst potions.
  1158 | D:2      | 1158 ||| DRINKING 2 fuming silvery potions.
  1159 | D:2      | 1159 ||| DRINKING 2 fuming clear potions.
  1160 | D:2      | 1160 ||| DROPPING potion of invisibility.
  1161 | D:2      | 1161 ||| DROPPING potion of brilliance.
  1257 | D:3      | Reached XP level 4. HP: 32/36 MP: 4/4
  1462 | D:3      | Reached skill level 5 in Ranged Weapons
  1465 | D:3      | 1465 ||| FLEEEEING.
  1466 | D:3      | 1466 ||| FLEEEEING.
  1668 | D:3      | 1668 ||| UPGRADING to +0 robe of positive energy.
  1678 | D:3      | 1678 ||| DROPPING +0 robe.
  1679 | D:3      | 1679 ||| UPGRADING to +0 leather armour.
  1689 | D:3      | 1689 ||| DROPPING +0 robe of positive energy.
  1690 | D:3      | 1690 ||| UPGRADING to +0 ring mail.
  1700 | D:3      | 1700 ||| DROPPING +0 leather armour.
  1701 | D:3      | 1701 ||| READING scroll labelled VUBRAK SOX FUW.
  1702 | D:3      | 1702 ||| READING scroll labelled ZUOJESEORA.
  1777 | D:4      | Reached skill level 1 in Armour
  1777 | D:4      | Reached XP level 5. HP: 44/44 MP: 5/5
  1787 | D:4      | Reached skill level 3 in Fighting
  1787 | D:4      | 1787 ||| FLEEEEING.
  1788 | D:4      | 1788 ||| FLEEEEING.
  1790 | D:4      | 1790 ||| FLEEEEING.
  1794 | D:4      | 1794 ||| FLEEEEING.
  1795 | D:4      | 1795 ||| FLEEEEING.
  1796 | D:4      | 1796 ||| FLEEEEING.
  1797 | D:4      | 1797 ||| FLEEEEING.
  1798 | D:4      | 1798 ||| FLEEEEING.
  1799 | D:4      | 1799 ||| FLEEEEING.
  1800 | D:4      | 1800 ||| FLEEEEING.
  1805 | D:4      | 1805 ||| FLEEEEING.
  1806 | D:4      | 1806 ||| FLEEEEING.
  1944 | D:4      | Found a staircase to the Ecumenical Temple.
  1945 | D:4      | 1945 ||| PLANNING TEMPLE
  1974 | Temple   | Entered the Ecumenical Temple
  2028 | Temple   | 2028 ||| PLANNING OKAWARU WORSHIP
  2145 | Temple   | Became a worshipper of Warmaster Okawaru
  2146 | Temple   | 2146 ||| PLANNING D:1-11
  2540 | D:4      | 2540 ||| READING 2 scrolls labelled ZYHEMO QOPN.
  2541 | D:4      | 2541 ||| READING scroll labelled DIOHEI TAHUAT.
  2545 | D:4      | 2545 ||| DROPPING scroll of fear.
  2557 | D:5      | Entered Level 5 of the Dungeon
  2559 | D:5      | 2559 ||| STAIRDANCE
  2611 | D:5      | Identified the +3 leather armour of Least Resistance {rF+
                  | rC++ Dex-3}
  2619 | D:5      | HP: 11/45 [white imp (4)]
  2620 | D:5      | 2620 ||| DRINKING 2 potions of heal wounds.
  2623 | D:5      | 2623 ||| DRINKING potion of heal wounds.
  2632 | D:5      | HP: 11/45 [scorpion (5)]
  2636 | D:5      | Reached skill level 6 in Ranged Weapons
  2636 | D:5      | Reached XP level 6. HP: 13/51 MP: 6/6
  2637 | D:5      | HP: 6/51 [gnoll/+0 club (4)]
  2642 | D:5      | HP: 4/52 [orc priest/+0 flail (4)]
  2643 | D:5      | HP: 1/52 [orc priest/+0 flail (3)]
  2643 | D:5      | Slain by an orc

Levels and vault maps discovered:
D:1:      dpeg_arrival_chambers_temple_mockup, layout_basic
D:2:      layout_rooms
D:3:      layout_rooms
D:4:      layout_loops_ring, temple_green
D:5:      layout_rooms
Temple:   minmay_crystal_spiral_temple

Skill      XL: |  1  2  3  4  5 |
---------------+----------------+-----
Ranged Weapons | 3 4 5 6 |  6.2
Fighting       | 2 3 |  3.7
Armour         | 1 |  1.8
Dodging        | |  2.1
Spellcasting   | |  1.0
Hexes          | |  2.0

Action                     |  1- 3 |  4- 6 || total
---------------------------+-------+-------++-------
   Fire: Sling             |   125 |   122 ||   247
    Use: Scroll            |     4 |     4 ||     8
         Potion            |     4 |     2 ||     6
 Armour: Robe              |     8 |     3 ||    11
         Ring mail         |       |    17 ||    17
  Dodge: Dodged            |    35 |    27 ||    62

Table legend:
 A = Non-vault XP
 B = Vault XP
 C = Vault XP percentage of total XP
 D = Non-vault monster count
 E = Vault monster count
 F = Vault count percentage of total count
                 A         B        C        D         E       F
            +---------+---------+-------+---------+---------+-------
      Total |     472 |       0 |   0.0 |      80 |       0 |   0.0
            +---------+---------+-------+---------+---------+-------
        D:1 |      36 |       0 |   0.0 |      22 |       0 |   0.0
        D:2 |      41 |       0 |   0.0 |      10 |       0 |   0.0
        D:3 |     100 |       0 |   0.0 |      30 |       0 |   0.0
        D:4 |     102 |       0 |   0.0 |       9 |       0 |   0.0
        D:5 |     193 |       0 |   0.0 |       9 |       0 |   0.0
            +---------+---------+-------+---------+---------+-------
